 Dungeon Crawl Stone Soup version 0.20-a0-1088-gd50b1d5 (webtiles) character file.

11008 Ihatecarrots00 the Protected (level 11, -3/101 HPs)
             Began as a Minotaur Berserker on May 3, 2017.
             Was the Champion of Trog.
             Killed from afar by a raiju (11 damage)
             ... with a living lightning
             ... on level 2 of the Abyss.
             The game lasted 00:30:16 (9031 turns).

Ihatecarrots00 the Protected (Minotaur Berserker)   Turns: 9031, Time: 00:30:21

Health: -3/101     AC: 10    Str: 19 (20) XL:     11   Next: 43%
Magic:  7/7        EV:  8    Int: -1 (0)  God:    Trog [******]
Gold:   378        SH:  0    Dex: 10 (11) Spells: 10/10 levels left

rFire    + . .     SeeInvis .   u - +1 demon trident (elec)
rCold    . . .     Gourm    .   (no shield)
rNeg     . . .     Faith    .   y - +0 plate armour
rPois    .         Spirit   .   (helmet restricted)
rElec    .         Reflect  .   (no cloak)
rCorr    .         Harm     .   (no gloves)
MR       +....                  (no boots)
Stlth    ..........             g - amulet of regeneration
Regen    0.0/turn               h - ring of protection from fire
MPRegen  0.1/turn               r - ring of protection from magic

@: slowed, lost intelligence, very slow
A: retaliatory headbutt, horns 2, [deformed body], [deterioration 2], [dopey 2],
[low mp 2], [screaming 2], [inhibited regeneration], [weak 2]
a: Berserk, Trog's Hand, Brothers in Arms, Burn Spellbooks, Renounce Religion


You were on level 2 of the Abyss.
You worshipped Trog.
Trog was exalted by your worship.
You were full.

You visited 2 branches of the dungeon, and saw 11 of its levels.
You visited the Abyss 1 time.

You collected 714 gold pieces.
You spent 336 gold pieces at shops.

Inventory:

Hand Weapons
 n - a +3 spear of distortion
 u - a +1 demon trident of electrocution (weapon)
 I - a +2 war axe
Armour
 y - a +0 plate armour (worn)
 O - the +0 shield "Seragole" {rElec Regen+ Str-3}
   (You found it on level 10 of the Dungeon)

   It affects your strength (-3).
   It insulates you from electricity.
   It increases your rate of regeneration.
Jewellery
 g - an amulet of regeneration (around neck)
 h - a ring of protection from fire (left hand)
 r - a ring of protection from magic (right hand)
 L - an uncursed ring of resist corrosion {unknown}
Wands
 a - a wand of lightning (5/15)
 k - a wand of lightning (2/15)
 H - a wand of flame (11/48)
 J - a wand of confusion (29/48)
 M - a wand of flame (14/48)
 Q - a wand of lightning (5/15)
Scrolls
 b - 4 scrolls of teleportation
 i - 3 scrolls of fog
 o - a scroll of vulnerability {unknown}
 s - 2 scrolls of enchant armour {unknown}
 v - 3 scrolls of recharging
 D - a scroll of magic mapping {unknown}
 E - a scroll of identify
 F - a scroll of blinking
 G - 3 scrolls of remove curse
 N - a scroll of summoning {unknown}
Potions
 d - 11 potions of curing
 e - 2 potions of invisibility
 f - 2 potions of haste
 m - 2 potions of flight
 p - 2 potions of lignification {unknown}
 q - 2 potions of ambrosia {unknown}
 t - 2 potions of mutation
 w - 2 potions of brilliance {unknown}
 x - 3 potions of berserk rage {unknown}
 z - 2 potions of degeneration {unknown}
 B - 3 potions of cancellation {unknown}
 C - 2 potions of resistance {unknown}
 K - a potion of agility {unknown}
Miscellaneous
 P - a crystal ball of energy
Comestibles
 c - 9 bread rations
 j - 4 royal jellies
 l - 4 meat rations
 A - 14 fruits


   Skills:
 + Level 10.4 Fighting
   Level 10.7 Short Blades
 - Level 5.1(7.5) Axes
 * Level 8.5(9.2) Polearms
 + Level 11.1 Armour
 + Level 5.0 Dodging
 + Level 1.7 Stealth


You had 10 spell levels left.
You didn't know any spells.

Dungeon Overview and Level Annotations

Branches:
Dungeon (10/15)            Temple (1/1) D:7            Lair (0/6) D:10
    Orc: D:9-12

Altars:
Ashenzari
Cheibriados
Dithmenos
Elyvilon
Fedhas
Gozag
Hepliaklqana
Kikubaaqudgha
Makhleb
Nemelex Xobeh
Okawaru
Qazlal
Ru
Sif Muna
Trog
Uskayaw
Vehumet
Wu Jian
Xom
Yredelemnul
Zin
The Shining One

Shops:
D:5 [:   D:6 !   D:10 *

Annotations:
Abyss:1 Nergalle


Innate Abilities, Weirdness & Mutations

You reflexively headbutt those who attack you in melee.
You have a pair of horns on your head.
[Armour fits poorly on your strangely shaped body.]
[Your body often deteriorates upon taking damage.]
[You are very dopey. (Int -4)]
[Your magical capacity is very low. (-20% MP)]
[You sometimes yell uncontrollably at your foes.]
[You do not regenerate when monsters are visible.]
[You are very weak. (Str -4)]


Message History

The raiju blinks!
You feel better.
The raiju bursts into living lightning!
The living lightning hits you!
The living lightning hits the raiju.
The raiju completely resists.
The raiju blinks!
You are too injured to fight recklessly!
You closely miss the raiju. You headbutt the raiju!
The raiju is lightly wounded.
The raiju bursts into living lightning!
The living lightning hits the raiju.
The raiju completely resists.
The living lightning hits you!
The raiju blinks!
The raiju bites you. The raiju shocks you! The raiju barely misses you.
You puncture the raiju!
The raiju is moderately wounded.
The raiju bursts into living lightning!
The living lightning hits you!
* * * LOW HITPOINT WARNING * * *
Your body deteriorates!
You feel dopey. The living lightning hits you!
You die...

## #..#######
.###..#...#.#
...........###
#§..h@§h...#
#....h#.#.#...
#....##..#
...... ##.#
.#.#. #.# #.
.. #.# # ##
##.# . .


You could see 3 raiju.

Vanquished Creatures
  Erolcha (D:10)
  A two-headed ogre (D:8)
  A wizard (D:10)
  A komodo dragon (D:10)
  A hellwing (Abyss:2)
  A hornet (D:9)
  4 hippogriffs
  Sigmund (D:4)
  The ghost of Ihatecarrots00 the Cudgeler, an amateur MiBe of Trog (D:3)
  A ynoxinul (Abyss:2)
  A spriggan (D:7)
  8 yaks
  A wyvern (D:8)
  Grum (D:10)
  2 water moccasins (D:10)
  4 ice beasts
  An orc warrior (D:7)
  2 sky beasts (D:8)
  2 black bears
  7 ogres
  4 phantoms
  A necrophage (D:6)
  A wolf (D:10)
  2 centaurs
  2 crocodiles (D:10)
  2 big kobolds (D:10)
  4 bullfrogs
  A wyvern skeleton (D:5)
  2 water moccasin skeletons
  4 scorpions
  A small abomination (Abyss:2)
  7 killer bees
  3 wights (D:10)
  A crimson imp (D:6)
  A quasit (D:10)
  An elf simulacrum (Abyss:2)
  4 hounds
  3 jellies
  4 orc priests
  A bullfrog skeleton (D:8)
  2 gnoll shamans
  3 iguanas
  8 orc wizards
  7 worker ants
  2 killer bee zombies
  A hound zombie (D:5)
  A hound skeleton (D:4)
  A worker ant zombie (D:9)
  12 adders
  23 gnolls
  A shadow imp (D:5)
  2 oozes
  An adder skeleton (D:6)
  4 worms
  6 leopard geckos
  27 orcs
  10 bats
  7 giant cockroaches
  5 goblins
  6 hobgoblins
  32 jackals
  10 kobolds
  3 quokkas
  3 ball pythons
  7 frilled lizards
  A quokka skeleton (D:4)
  3 quokka zombies
  6 rats
  A spectral orc (D:7)
286 creatures vanquished.

Vanquished Creatures (others)
  A yak (D:10)
  A hungry ghost (D:10)
  A swamp drake (D:10)
  A centaur (D:10)
  A gnoll shaman (D:10)
  A shadow imp (D:10)
  A kobold (D:10)
  8 starspawn tentacles (Abyss:2)
15 creatures vanquished.

Grand Total: 301 creatures vanquished

Notes
Turn   | Place    | Note
-------+----------+-------------------------------------------
     0 | D:1      | Ihatecarrots00 the Minotaur Berserker began the quest for the Orb.
     0 | D:1      | Reached XP level 1. HP: 19/19 MP: 0/0
    97 | D:1      | Reached XP level 2. HP: 18/27 MP: 1/1
   588 | D:1      | Reached ** piety under Trog
   588 | D:1      | Reached XP level 3. HP: 33/33 MP: 2/2
  1176 | D:2      | Reached skill level 3 in Armour
  1176 | D:2      | Reached XP level 4. HP: 40/41 MP: 3/3
  1873 | D:3      | Found an opulent altar of Gozag.
  1913 | D:3      | Noticed Ihatecarrots00's ghost (amateur MiBe)
  1959 | D:3      | Killed Ihatecarrots00's ghost
  1959 | D:3      | Reached skill level 5 in Fighting
  1959 | D:3      | Reached skill level 4 in Armour
  1959 | D:3      | Reached XP level 5. HP: 27/48 MP: 4/4
  2073 | D:3      | Reached *** piety under Trog
  2179 | D:3      | Reached skill level 1 in Stealth
  2182 | D:3      | Reached XP level 6. HP: 56/56 MP: 5/5
  2197 | D:3      | Found a burning altar of Makhleb.
  2568 | D:4      | Reached skill level 5 in Short Blades
  2661 | D:4      | Reached skill level 5 in Armour
  2663 | D:4      | Noticed Sigmund
  2676 | D:4      | Killed Sigmund
  2676 | D:4      | Reached XP level 7. HP: 8/61 MP: 6/6
  2937 | D:4      | Reached skill level 6 in Armour
  2958 | D:4      | Found a sand-covered staircase.
  2981 | D:4      | Reached **** piety under Trog
  3294 | D:5      | Entered Level 5 of the Dungeon
  3453 | D:5      | Reached XP level 8. HP: 70/70 MP: 7/7
  3841 | D:5      | Found Kuofanicau's Antique Armour Boutique.
  4119 | D:5      | Found Gery's Book Shoppe.
  4151 | D:5      | Reached skill level 7 in Armour
  4164 | D:6      | Found a shimmering altar of Xom.
  4168 | D:6      | Found a shadowy altar of Dithmenos.
  4168 | D:6      | Found a bloodstained altar of Trog.
  4169 | D:6      | Found a stormy altar of Qazlal.
  4169 | D:6      | Found a glowing golden altar of the Shining One.
  4378 | D:6      | Found Puewigog's Distillery.
  4393 | D:6      | Bought a potion of curing for 36 gold pieces
  4393 | D:6      | Bought a potion of curing for 36 gold pieces
  4393 | D:6      | Bought a potion of heal wounds for 60 gold pieces
  4393 | D:6      | Bought a potion of curing for 36 gold pieces
  4393 | D:6      | Bought a potion of curing for 36 gold pieces
  4393 | D:6      | Bought a potion of curing for 36 gold pieces
  4393 | D:6      | Bought a potion of mutation for 96 gold pieces
  4436 | D:6      | Reached ***** piety under Trog
  4625 | D:7      | Reached XP level 9. HP: 78/79 MP: 8/8
  4859 | D:7      | Reached skill level 8 in Armour
  4890 | D:7      | Found a basalt altar of Yredelemnul.
  4958 | D:7      | Found a staircase to the Ecumenical Temple.
  5419 | Temple   | Entered the Ecumenical Temple
  5819 | D:8      | Noticed a two-headed ogre
  5830 | D:8      | Killed a two-headed ogre
  5830 | D:8      | Reached skill level 10 in Short Blades
  5830 | D:8      | Reached skill level 9 in Armour
  5903 | D:8      | Found a sparkling altar of Nemelex Xobeh.
  5956 | D:8      | Reached skill level 5 in Dodging
  6027 | D:8      | Reached XP level 10. HP: 71/90 MP: 9/9
  6095 | D:8      | Noticed a lindwurm
  6096 | D:8      | Noticed a lindwurm
  6158 | D:8      | Noticed a lindwurm
  6268 | D:8      | Reached skill level 1 in Axes
  6336 | D:8      | Found a blossoming altar of Fedhas.
  6731 | D:8      | Noticed a lindwurm
  6938 | D:9      | Received a gift from Trog
  6952 | D:9      | Reached skill level 5 in Axes
  7385 | D:9      | Reached skill level 1 in Polearms
  7430 | D:9      | Reached skill level 10 in Armour
  7689 | D:9      | Found a snail-covered altar of Cheibriados.
  7689 | D:9      | Found a sacrificial altar of Ru.
  7804 | D:9      | Reached skill level 10 in Fighting
  7914 | D:10     | Entered Level 10 of the Dungeon
  7914 | D:10     | Noticed Nergalle
  7920 | D:10     | Banished Nergalle
  7920 | D:10     | Reached skill level 5 in Polearms
  7986 | D:10     | Reached XP level 11. HP: 99/99 MP: 10/10
  8036 | D:10     | Noticed a wizard
  8058 | D:10     | Killed a wizard
  8183 | D:10     | Found Koovu's Serpentskin Sales.
  8201 | D:10     | Got a faintly humming shield
  8228 | D:10     | Identified the +0 shield "Seragole" {rElec Regen+ Str-3} (You found it on level 10 of the Dungeon)
  8252 | D:10     | Noticed Grum
  8261 | D:10     | Killed Grum
  8334 | D:10     | Noticed a two-headed ogre
  8444 | D:10     | Noticed Erolcha
  8450 | D:10     | Killed Erolcha
  8506 | D:10     | Reached skill level 11 in Armour
  8523 | D:10     | HP: 2/100 [komodo dragon (21)]
  8529 | D:10     | Reached ****** piety under Trog
  8741 | D:10     | Found a staircase to the Lair.
  8747 | D:10     | Received a gift from Trog
  8752 | D:10     | Cast into level 2 of the Abyss (a distortion unwield)
  8766 | Abyss:2  | Found a corrupted altar of Lugonu.
  8921 | Abyss:2  | Noticed a wretched star
  8925 | Abyss:2  | Noticed a tentacled starspawn
  8933 | Abyss:2  | Noticed a tentacled starspawn
  8934 | Abyss:2  | Noticed a wretched star
  8936 | Abyss:2  | Lost intelligence.
  9031 | Abyss:2  | Killed from afar by a raiju

Vault maps used:
D:1:      dpeg_arrival_chambers_temple_mockup
D:2:      hangedman_decor_push
D:3:      overflow_temple_1_default, first_bread, grunt_gozag_breadcrumbs
D:4:      enter_ossuary_4, nrook_mini_backslash, uniq_sigmund
D:5:      serial_shops, shop, nicolae_shop_trees, roderic_ancient_swastika
D:6:      grunt_temple_overflow_open, serial_shops, nicolae_shop_crystal
D:7:      yredelemnul_forgotten_temple_becter, minmay_temple_entry_nine_rooms,
          the_bakery, minmay_misc_feat_columns
D:8:      marbit_many_paths, basic_altar, minmay_lindwurm_lava
D:9:      gammafunk_temple_overflow_wave, dk_rats_in_the_wall
D:10:     erik_lair_dragon, basic_altar, guppyfry_shop_venom, uniq_erolcha,
          uniq_nergalle, uniq_grum
Temple:   minmay_temple_forest_path
Abyss:2:  hangedman_abyss_or_decor_jellyfish_corner

Skill      XL: |  1  2  3  4  5  6  7  8  9 10 11 |
---------------+----------------------------------+-----
Fighting       | 4 5 7 8 10 | 10.4
Short Blades   | 4 6 7 8 10 | 10.7
Armour         | 3 4 5 6 7 9 10 11 | 11.1
Dodging        | 3 4 5 |  5.0
Stealth        | 1 |  1.7
Axes           | 5 |  5.1
Polearms       | 5 8 |  8.5

Action                   |  1- 3 |  4- 6 |  7- 9 | 10-12 || total
-------------------------+-------+-------+-------+-------++-------
Melee: Short sword       |    89 |   122 |   393 |    16 ||   620
       Headbutt          |    17 |    23 |    77 |    79 ||   196
       War axe           |       |       |       |   105 ||   105
       Spear             |       |       |       |   201 ||   201
       Demon trident     |       |       |       |    51 ||    51
Invok: Berserk           |       |     1 |     4 |     4 ||     9
       Burn Spellbooks   |       |       |     1 |       ||     1
  Use: Scroll            |     3 |     7 |     5 |     5 ||    20
       Potion            |       |       |       |     8 ||     8
 Stab: Confused          |       |       |       |     1 ||     1
  Eat: Bread ration      |       |     2 |     2 |     4 ||     8
       Chunk             |       |     1 |     3 |     6 ||    10
Armor: Animal skin       |    20 |       |       |       ||    20
       Ring mail         |     4 |    36 |    32 |       ||    72
       Scale mail        |       |       |    17 |       ||    17
       Plate armour      |       |       |   108 |   220 ||   328
Dodge: Dodged            |    52 |    51 |   145 |   173 ||   421
